 Dungeon Crawl Stone Soup version 0.32-a0-43-g058985b245 (webtiles) character file.

Game seed: 13230964077379465391

546 Obelisk the Ruffian (level 7, -1/102 HPs)
             Began as a Troll Berserker on Feb 3, 2024.
             Was a Believer of Trog.
             Slain by an adder simulacrum (4 damage)
             ... on level 4 of the Dungeon.
             The game lasted 00:04:50 (3262 turns).

Obelisk the Ruffian (Troll Berserker)               Turns: 3262, Time: 00:04:51

Health: -1/102     AC:  4    Str: 28    XL:     7   Next: 6%
Magic:  6/6        EV: 10    Int:  3    God:    Trog [**....]
Gold:   158        SH:  0    Dex:  9    Spells: 6/6 levels left

rFire   . .          .
                       - Unarmed
rCold   . . .        (no shield)
rNeg    . . .        a - +0 animal skin
rPois   .            (helmet restricted)
rElec   .            (no cloak)
rCorr   .            (gloves unavailable)
SInv    .            (boots unavailable)
Will    .....        f - amulet of regeneration Stlth
                     d - +4 ring of slaying
HPRegen 1.97/turn    (no ring)
MPRegen 0.10/turn

%: no passive effects
@: berserking, very quick
A: large, unfitting armour, claws 3, regeneration 1, shaggy fur 1, tough skin 1
a: Renounce Religion, Berserk, Trog's Hand


You were on level 4 of the Dungeon.
You worshipped Trog.
Trog was pleased with you.
You visited 1 branch of the dungeon, and saw 4 of its levels.

You collected 158 gold pieces.

Inventory:

Missiles
 l - 2 throwing nets {=f, !d}
Armour
 a - a +0 animal skin (worn)
Jewellery
 d - a +4 ring of slaying (left claw)
   (You found it on level 1 of the Dungeon)
 f - an amulet of regeneration (around neck)
   (You found it on level 2 of the Dungeon)
Scrolls
 b - 2 scrolls of vulnerability {!r!r}
 g - 2 scrolls of noise {!r}
 h - 4 scrolls of teleportation {!r!d, @r3}
 i - a scroll of silence
Potions
 c - 4 potions of brilliance
 e - 2 potions of curing {@q1, !d}
 j - a potion of berserk rage {unknown}
 k - a potion of haste {unknown}


   Skills:
 + Level 3.9 Fighting
 * Level 4.2 Armour
 - Level 2.4 Dodging
 + Level 4.8 Unarmed Combat


You had 6 spell levels left.
You didn't know any spells.
Your spell library was empty.

Dungeon Overview and Level Annotations

Branches:
Dungeon (4/15) Zot: 20704
 Temple: D:4-7

Altars:
Cheibriados
Trog

Shops:
D:4 *

Annotations:
D:4 PriceMaster's ghost, amateur OpFE


Innate Abilities, Weirdness & Mutations

You are too large for most types of armour.
You have claws for hands.
Your natural rate of healing is unusually fast.
You are covered in fur. (AC +1)
You have tough skin. (AC +1)


Message History

There are no items here.
No target in view!
A ball python comes into view.
You open the gate. You scratch the adder simulacrum. Trog accepts your kill.
Really walk into that cloud of freezing vapour? [Y]es or [N]o only, please.
Really walk into that cloud of freezing vapour? [Y]es or [N]o only, please.
Really walk into that cloud of freezing vapour? [Y]es or [N]o only, please.
Really walk into that cloud of freezing vapour?
Okay, then.
There is an open translucent gate here.
A howler monkey simulacrum, an ice beast and an adder simulacrum come into view.
A white imp, a scorpion simulacrum, a PriceMaster's ghost and an adder simulacrum come into view.
PriceMaster's ghost turns its malevolent gaze towards you.
The adder simulacrum closely misses you.
The ice beast closely misses you. The white imp gestures at you.
The puff of frost hits you!
You take 10 damage, and have 52/62 hp.
A red film seems to cover your vision as you go berserk!
You feel yourself moving faster!
You feel mighty! The adder simulacrum misses you. The ice beast hits you.
The ice beast freezes you! The white imp gestures at you.
The puff of frost hits you!
You now have 59/93 hp.
You are too injured to fight recklessly!
You are too injured to fight recklessly!
Attack: -) Claws
Press: ? - help, Dir - move target, f - ice beast
Aim: an ice beast (about 33% to evade your claws)
You mangle the ice beast!! The adder simulacrum bites you.
The adder simulacrum freezes you.
You take 3 damage, and have 56/93 hp.
Attack: -) Claws
Press: ? - help, Dir - move target, f/p - ice beast
Aim: an ice beast (severely wounded, about 33% to evade your claws)
You mangle the ice beast!!
You kill the ice beast!
Trog accepts your kill. The howler monkey simulacrum hits you.
The howler monkey simulacrum freezes you.
The white imp gestures at you. The puff of frost hits you.
Your Armour skill increases to level 4!
You have reached level 7!
You take 10 damage, and have 46/102 hp.
MP restored: 6 Attack: -) Claws
Press: ? - help, Dir - move target, f - scorpion simulacrum
Aim: a scorpion simulacrum (about 18% to evade your claws)
You barely miss the scorpion simulacrum.
The adder simulacrum bites you but does no damage.
The white imp closely misses you. The scorpion simulacrum hits you.
The scorpion simulacrum freezes you! The howler monkey simulacrum hits you.
The howler monkey simulacrum freezes you!
* * * LOW HITPOINT WARNING * * *
You take 22 damage, and have 24/102 hp.
MASSIVE DAMAGE!!
Attack: -) Claws
Press: ? - help, Dir - move target, f/p - scorpion simulacrum
Aim: a scorpion simulacrum (about 18% to evade your claws)
You claw the scorpion simulacrum!
You feel the power of Trog in you as your rage grows.
Trog accepts your kill. The adder simulacrum misses you.
You regained 2 hp, and now have 26/102 hp.
Attack: -) Claws
Press: ? - help, Dir - move target, f - adder simulacrum
Aim: an adder simulacrum (freezing vapour, about 33% to evade your claws)
You claw the adder simulacrum! Trog accepts your kill.
The howler monkey simulacrum hits you.
* * * LOW HITPOINT WARNING * * *
The howler monkey simulacrum freezes you!
* * * LOW HITPOINT WARNING * * *
The white imp hits you.
* * * LOW HITPOINT WARNING * * *
The white imp freezes you.
* * * LOW HITPOINT WARNING * * *
The adder simulacrum barely misses you.
You take 16 damage, and have 10/102 hp.
Attack: -) Claws
Press: ? - help, Dir - move target, f - howler monkey simulacrum
Aim: a howler monkey simulacrum (about 21% to evade your claws)
You closely miss the howler monkey simulacrum.
The white imp gestures at you. The puff of frost hits you!
* * * LOW HITPOINT WARNING * * *
You take 7 damage, and have 3/102 hp.
The adder simulacrum barely misses you.
Attack: -) Claws
Press: ? - help, Dir - move target, f - adder simulacrum, p - howler monkey simulacrum
Aim: an adder simulacrum (about 33% to evade your claws)
You closely miss the adder simulacrum. The adder simulacrum bites you.
* * * LOW HITPOINT WARNING * * *
The adder simulacrum freezes you.
You die...

# .. # #. #### .## #. ).
...####W.###..# #.#..
.......$Z5@.##.# #.#.##.
###....Z...#.# ....#.
#......#..##.# ....#..
...=...#..#..#
....#..##.....##..#.###
....##..##/)###...#...#
#...#...####....##.#.#####
##..##..........#..#.....#
####..#.........##.##.....#


You could see PriceMaster's ghost, a white imp, an adder simulacrum and a howler
monkey simulacrum.

Vanquished Creatures
  Sigmund (D:2)
  An ice beast (D:4)
  An ogre (D:4)
  2 iguanas (D:3 D:4)
  A scorpion simulacrum (D:4)
  4 gnolls (D:4)
  4 adders (D:2 D:3 D:4)
  2 dart slugs (D:1 D:3)
  2 ribbon worms (D:2)
  2 adder simulacra (D:4)
  An orc (D:3)
  6 ball pythons (D:1 D:3)
  9 endoplasms (D:1 D:3 D:4)
  A giant cockroach (D:3)
  2 goblins (D:3 D:4)
  3 hobgoblins (D:1 D:2 D:3)
  6 jackals (D:1 D:2)
  4 quokkas (D:2 D:3 D:4)
  6 bats (D:1 D:2 D:3)
  4 frilled lizards (D:1 D:2 D:3)
  7 kobolds (D:1 D:2 D:3 D:4)
  4 rats (D:1 D:2 D:3)
73 creatures vanquished.

Notes
Turn   | Place    | Note
-------+----------+-------------------------------------------
     0 | D:1      | Obelisk the Troll Berserker began the quest for the Orb.
     0 | D:1      | Reached XP level 1. HP: 22/22 MP: 0/0
   224 | D:1      | Reached XP level 2. HP: 29/29 MP: 1/1
   239 | D:1      | Reached skill level 1 in Armour
   588 | D:1      | Found a faded altar of an unknown god.
   772 | D:2      | Reached XP level 3. HP: 36/36 MP: 2/2
  1035 | D:2      | Noticed Sigmund
  1051 | D:2      | Killed Sigmund
  1052 | D:2      | Reached skill level 3 in Fighting
  1052 | D:2      | Reached skill level 3 in Armour
  1052 | D:2      | Reached skill level 4 in Unarmed Combat
  1052 | D:2      | Reached XP level 4. HP: 45/45 MP: 3/3
  1052 | D:2      | Reached XP level 5. HP: 53/53 MP: 4/4
  1934 | D:3      | Reached ** piety under Trog
  2683 | D:3      | Found a bloodstained altar of Trog.
  2706 | D:3      | Reached XP level 6. HP: 57/61 MP: 5/5
  2920 | D:4      | Found Bgakas's Bounteous Boutique.
  3130 | D:4      | Found a snail-covered altar of Cheibriados.
  3164 | D:4      | Found a runed translucent gate.
  3164 | D:4      | Found a runed translucent gate.
  3165 | D:4      | Found a runed translucent gate.
  3250 | D:4      | Noticed an ice beast
  3251 | D:4      | Noticed PriceMaster's ghost (amateur OpFE)
  3256 | D:4      | Killed an ice beast
  3256 | D:4      | HP: 42/93 [white imp/puff of frost (6)]
  3257 | D:4      | Reached skill level 4 in Armour
  3257 | D:4      | Reached XP level 7. HP: 46/68 MP: 6/6
  3259 | D:4      | HP: 15/102 [howler monkey simulacrum (7)]
  3260 | D:4      | HP: 3/102 [white imp/puff of frost (8)]
  3262 | D:4      | Slain by an adder simulacrum

Illustrated notes

Levels and vault maps discovered:
D:1:      lightli_arrival_statuegarden, layout_basic,
          hellmonk_ecumenical_altar_heavens_door
D:2:      layout_basic, feat_on_display, uniq_sigmund
D:3:      layout_loops_corners, mainiacjoe_overflow_alcove_2
D:4:      layout_rooms, lemuel_doored_altar, nicolae_hepliaklqana_hazy_memory,
          gammafunk_ghost_icy, nicolae_alphabet_shops,
          hangedman_abyss_or_decor_passed, chequers_serial_rivers_small_a,
          feat_on_display

Skill      XL: |  1  2  3  4  5  6 |
---------------+-------------------+-----
Armour         | 1 3 4 |  4.2
Fighting       | 3 |  3.9
Unarmed Combat | 4 |  4.8
Dodging        | |  2.4

Action                     |  1- 3 |  4- 6 |  7- 9 || total
---------------------------+-------+-------+-------++-------
  Melee: Unarmed           |    44 |    73 |     5 ||   122
         Punch             |     1 |     1 |       ||     2
 Invoke: Berserk           |     1 |     4 |       ||     5
    Use: Scroll            |     5 |     4 |       ||     9
 Armour: Animal skin       |    16 |    42 |     7 ||    65
  Dodge: Dodged            |    29 |    30 |     4 ||    63

Table legend: (Time is in decaauts)
 A = Elapsed time spent in this place.
 B = Non-inter-level travel time spent in this place.
 C = Inter-level travel time spent in this place.
 D = Time resting spent in this place.
 E = Time spent auto-exploring this place.
 F = Levels seen in this place.
 G = Mean time per level.
                   A        B        C        D        E       F      G
               +--------+--------+--------+--------+--------+-----+--------+
         Total |   3294 |   3175 |    119 |    610 |   2127 |   4 |  823.5 |
       Dungeon |   3294 |   3175 |    119 |    610 |   2127 |   4 |  823.5 |
               +--------+--------+--------+--------+--------+-----+--------+

Top non-repeatable levels by time:
     D:3: 1132 daAuts
     D:2: 1069 daAuts
     D:1: 607 daAuts
     D:4: 485 daAuts

Levels and vault maps discovered:
D:1:      lightli_arrival_statuegarden, layout_basic,
          hellmonk_ecumenical_altar_heavens_door
D:2:      layout_basic, feat_on_display, uniq_sigmund
D:3:      layout_loops_corners, mainiacjoe_overflow_alcove_2
D:4:      layout_rooms, lemuel_doored_altar, nicolae_hepliaklqana_hazy_memory,
          gammafunk_ghost_icy, nicolae_alphabet_shops,
          hangedman_abyss_or_decor_passed, chequers_serial_rivers_small_a,
          feat_on_display

Table legend: (Time is in decaauts)
 A = Elapsed time spent in this place.
 B = Non-inter-level travel time spent in this place.
 C = Inter-level travel time spent in this place.
 D = Time resting spent in this place.
 E = Time spent auto-exploring this place.
 F = Levels seen in this place.
 G = Mean time per level.
                   A        B        C        D        E       F      G
               +--------+--------+--------+--------+--------+-----+--------+
         Total |   3294 |   3175 |    119 |    610 |   2127 |   4 |  823.5 |
       Dungeon |   3294 |   3175 |    119 |    610 |   2127 |   4 |  823.5 |
               +--------+--------+--------+--------+--------+-----+--------+

Top non-repeatable levels by time:
     D:3: 1132 daAuts
     D:2: 1069 daAuts
     D:1: 607 daAuts
     D:4: 485 daAuts

Table legend:
 A = Kills in this place as a percentage of kills in the entire game.
 B = Kills by you in this place as a percentage of kills by you in the entire game.
 C = Kills by friends in this place as a percentage of kills by friends in the entire game.
 D = Other kills in this place as a percentage of other kills in the entire game.
 E = Experience gained in this place as a percentage of experience gained in the entire game.
 F = Experience gained in this place divided by the number of levels of this place that you have seen.
                   A       B       C       D       E      F
               +-------+-------+-------+-------+-------+----------------------
         Total | 100.0 | 100.0 |   N/A |   N/A | 100.0 | 195.2
       Dungeon | 100.0 | 100.0 |   N/A |   N/A | 100.0 | 195.2
               +-------+-------+-------+-------+-------+----------------------
